 Dungeon Crawl Stone Soup version 0.16.1-5-gaa23807 (webtiles) character file.

89980 Chiseanne the Blocker (level 15, -2/85 HPs)
             Began as a Vine Stalker Monk on Mar 28, 2015.
             Was an Initiate of Gozag.
             Succumbed to a black mamba's poison
             ... on level 3 of the Snake Pit.
             The game lasted 01:49:40 (22526 turns).

Chiseanne the Blocker (Vine Stalker Monk)          Turns: 22526, Time: 01:49:41

Health: -2/85      AC: 20    Str: 23    XL:     15   Next: 99%
Magic:  1/19       EV: 14    Int: 10    God:    Gozag
Gold:   6114       SH: 21    Dex: 24    Spells: 1 memorised, 12 levels left

rFire  . . .     SeeInvis +       - Unarmed
rCold  + . .     Clarity  .     K - +2 chain mail {rC+}
rNeg   . . .     SustAb   +     n - +1 large shield
rPois  +         Gourm    .     E - +1 hat {SInv}
rElec  .         Spirit   +     J - +0 cloak {rPois}
rCorr  .         Warding  .     G - +2 pair of fencer's gloves {EV+3 Dex+6 Slay+2}
rMut   .         Stasis   .     (no boots)
MR     +....                    w - amulet of regeneration
Stlth  ..........               u - +4 ring of strength
                                I - ring of sustain abilities

@: lethally poisoned (-2 -> -20), constricted, somewhat resistant to hostile
enchantments, extremely unstealthy
A: fangs 3, regeneration 3, magic shield, antimagic bite, no device heal 3, rot
immunity
a: Potion Petition, Call Merchant, Bribe Branch, Renounce Religion


You were on level 3 of the Snake Pit.
You worshipped Gozag.
Gozag was noncommittal.
You were not hungry.

You visited 5 branches of the dungeon, and saw 27 of its levels.

You collected 9079 gold pieces.
You spent 2352 gold pieces at shops.
You paid 613 gold pieces to Gozag.

Inventory:

Missiles
 s - 44 poisoned needles
 z - 5 tomahawks of returning (quivered)
 C - 3 javelins
Armour
 n - a +1 large shield (worn)
 E - a +1 hat of see invisible (worn)
 G - the +2 pair of fencer's gloves (worn) {EV+3 Dex+6 Slay+2}
   (You bought it in a shop on level 10 of the Dungeon)

   It affects your evasion (+3).
   It affects your dexterity (+6).
   It affects your accuracy and damage with ranged weapons and melee attacks
   (+2).
 J - a +0 cloak of poison resistance (worn)
 K - a +2 chain mail of cold resistance (worn)
Jewellery
 u - a +4 ring of strength (right hand)
 w - an amulet of regeneration (around neck)
 I - a ring of sustain abilities (left hand)
Magical devices
 f - a wand of digging (2)
 m - a wand of lightning (7)
 r - a wand of teleportation (0)
 x - a wand of teleportation (6)
Scrolls
 c - 3 scrolls of recharging
 l - a scroll of fear
 A - 5 scrolls of remove curse
 B - a scroll of magic mapping
 H - 7 scrolls of teleportation
 M - a scroll of identify
Potions
 a - 2 potions of restore abilities
 d - a potion of invisibility
 e - 2 potions of haste
 g - 12 potions of curing
 h - a potion of ambrosia
 i - a potion of mutation
 j - a potion of might
 q - 4 potions of magic
 t - 3 potions of cancellation
 D - 4 potions of flight
 L - 8 potions of resistance
Miscellaneous
 p - a box of beasts
Comestibles
 b - 3 bread rations
 k - 7 meat rations


   Skills:
 * Level 12.8 Fighting
 * Level 12.4 Armour
 - Level 6.2 Dodging
 - Level 2.4 Stealth
 + Level 13.2 Shields
 - Level 12.0 Unarmed Combat


You had 12 spell levels left.
You knew the following spells:

 Your Spells              Type           Power        Failure   Level  Hunger
a - Swiftness             Chrm/Air       #.......     100%        2    ###....


Dungeon Overview and Level Annotations

Branches:
Dungeon (11/15)            Temple (1/1) D:6            Lair (8/8) D:9
  Swamp (0/5) Lair:4        Snake (3/5) Lair:3        Slime (0/6) Lair:8
    Orc (4/4) D:10            Elf (0/3) Orc:4

Altars:
Ashenzari
Cheibriados
Dithmenos
Elyvilon
Fedhas
Gozag
Kikubaaqudgha
Makhleb
Nemelex Xobeh
Okawaru
Qazlal
Ru
Sif Muna
Trog
Vehumet
Xom
Yredelemnul
Zin
The Shining One

Shops:
D:6 (   D:9 (   D:10 [   Orc:2 *   Orc:4 [*(:!

Annotations:
D:11 Psyche


Innate Abilities, Weirdness & Mutations

You have razor-sharp teeth.
You regenerate.
When hurt, damage is shared between your health and your magic reserves.
Your bite disrupts and absorbs the magic of your enemies.
Potions and wands cannot restore your health.
You are immune to rotting.


Message History

The naga ritualist hits you but does no damage.
The naga ritualist constricts you. The black mamba closely misses you.
You swing at nothing.
* * * LOW HITPOINT WARNING * * *
You feel very sick. The mana viper bites you!
* * * LOW HITPOINT WARNING * * *
You block the black mamba's attack.
You block the guardian serpent's attack.
You block the naga's attack. The black mamba misses you.
The naga mage spits poison at you. The splash of poison hits you! You resist.
Read which item? (? for menu, Esc to quit)
As you read the scroll of fear, it crumbles to dust.
You assume a fearsome visage.
The naga ritualist looks frightened!
The black mamba looks frightened! x2
The mana viper looks frightened!
The guardian serpent looks frightened!
The naga mage looks frightened!
The naga easily resists.
You die...
Your body crumbles into a pile of gold.

. ... ##..>#
###<...#
#####......##
#...SSN.......$
#..N@$.......
##.NSS?......
###...#####
#####


You could see a naga ritualist (fleeing), a mana viper (fleeing), a guardian
serpent (fleeing), 2 black mambas, a naga mage (fleeing) and a naga.

Vanquished Creatures
  An acid blob (Lair:8)
  Maud (Lair:8)
  An orc warlord (Orc:4)
  A dire elephant (Lair:8)
  An ettin (Orc:4)
  The ghost of wanderer1 the Fighter, a powerful GrFi of Okawaru (Orc:4)
  4 hydras
  The ghost of cribozai the Basher, a powerful FoSu of Cheibriados (D:9)
  A catoblepas (Lair:8)
  An anaconda (Snake:3)
  A deep troll shaman (Lair:8)
  3 orc high priests (Orc:4)
  27 death yaks
  Nergalle (Lair:6)
  2 naga ritualists (Snake:2)
  A hill giant (D:10)
  2 mana vipers
  4 orc sorcerers (Orc:4)
  4 orc knights
  An ugly thing (D:10)
  A necromancer (Lair:4)
  A salamander (Snake:2)
  6 elephants
  3 griffons
  2 naga magi (Snake:2)
  2 molten gargoyles (Lair:7)
  10 black mambas
  A torpor snail (Lair:8)
  10 spiny frogs
  A gargoyle (D:11)
  10 komodo dragons
  5 fire drakes
  5 trolls
  2 polar bears (Lair:8)
  A queen bee (D:9)
  26 blink frogs
  2 basilisks
  61 yaks
  8 hippogriffs
  A hungry ghost (D:7)
  20 wolves
  6 swamp worms (Lair:4)
  A warg (Orc:4)
  Menkaure (D:4)
  8 nagas
  A soldier ant (D:11)
  26 water moccasins
  A swamp drake (D:10)
  A sky beast (D:8)
  An ice beast (D:7)
  2 black bears
  7 ogres
  28 orc warriors
  4 porcupines
  A wasp (D:10)
  2 phantoms
  13 crocodiles
  6 centaurs
  12 giant frogs
  Duvessa (D:6)
  2 boring beetles
  A brain worm (Lair:7)
  Blork the orc (D:9)
  A wyvern zombie (D:8)
  A big kobold (D:5)
  A water moccasin zombie (D:9)
  17 killer bees (D:9)
  5 scorpions
  5 electric eels (Lair:4)
  3 jellies
  A goliath beetle (D:7)
  Dowan (D:6)
  6 lava snakes
  8 wights
  4 crimson imps
  13 iguanas
  2 basilisk zombies (Lair:4)
  A centaur zombie (D:7)
  A gnoll shaman (D:8)
  23 orc priests
  3 centaur skeletons
  A quasit (D:6)
  17 hounds
  44 orc wizards
  Natasha (thrice) (D:6)
  2 giant frog skeletons
  7 worker ants
  22 sheep
  Ijyb (D:2)
  A crocodile zombie (Lair:4)
  A mummy (D:9)
  6 gnolls (D:8)
  3 hound skeletons (D:9)
  A worker ant zombie (D:11)
  17 adders
  94 river rats
  A giant mite (D:8)
  3 worms (D:3)
  3 adder skeletons
  7 giant geckos
  203 orcs
  13 bats
  A bat skeleton (D:5)
  15 goblins
  17 hobgoblins
  13 jackals
  14 kobolds
  13 quokkas
  2 ball pythons
  3 giant cockroaches
  3 giant newts
  A quokka skeleton (D:9)
  10 rats
  7 fungi
  6 plants
1014 creatures vanquished.

Vanquished Creatures (collateral kills)
  2 electric eels (Lair:4)
  An iguana (Lair:4)
  An adder (Lair:7)
  2 river rats (Lair:4)
6 creatures vanquished.

Vanquished Creatures (others)
  8 spiders
  7 river rats (Lair:8)
  2 giant mites
  A hobgoblin (D:5)
  2 fungi (Lair:8)
  A plant (Lair:8)
21 creatures vanquished.

Grand Total: 1041 creatures vanquished

Notes
Turn   | Place    | Note
--------------------------------------------------------------
     0 | D:1      | Chiseanne, the Vine Stalker Monk, began the quest for the Orb.
     0 | D:1      | Reached XP level 1. HP: 11/11 MP: 1/1
   312 | D:1      | Reached XP level 2. HP: 13/16 MP: 0/3
   895 | D:2      | Reached XP level 3. HP: 14/19 MP: 4/4
   919 | D:2      | Found a sparkling altar of Nemelex Xobeh.
   934 | D:2      | Noticed Ijyb
   955 | D:2      | Killed Ijyb
  1011 | D:2      | Found a burning altar of Makhleb.
  1070 | D:3      | Reached skill level 1 in Armour
  1218 | D:3      | Reached XP level 4. HP: 19/24 MP: 5/5
  1514 | D:4      | Noticed a phantom
  1590 | D:4      | Killed a phantom
  1590 | D:4      | Reached skill level 5 in Unarmed Combat
  1590 | D:4      | Reached XP level 5. HP: 11/28 MP: 7/7
  1756 | D:4      | Reached skill level 1 in Shields
  1793 | D:4      | Gained mutation: You heal very quickly. [vine stalker growth]
  1793 | D:4      | Reached XP level 6. HP: 14/33 MP: 8/8
  2051 | D:4      | Noticed Menkaure
  2062 | D:4      | Killed Menkaure
  2254 | D:4      | Reached XP level 7. HP: 31/37 MP: 9/9
  2279 | D:5      | Entered Level 5 of the Dungeon
  2296 | D:5      | Reached skill level 6 in Unarmed Combat
  2651 | D:5      | Found a shattered altar of Ashenzari.
  2667 | D:5      | Gained mutation: You have razor-sharp teeth. [vine stalker growth]
  2667 | D:5      | Reached XP level 8. HP: 36/42 MP: 9/11
  2787 | D:5      | Found a shattered altar of Ashenzari.
  3214 | D:6      | Noticed Dowan
  3231 | D:6      | Noticed Duvessa
  3249 | D:6      | Noticed Natasha
  3264 | D:6      | Killed Natasha
  3390 | D:6      | Found Pujackur's Antique Weapon Boutique.
  3391 | D:6      | Noticed Natasha
  3397 | D:6      | Killed Natasha
  3417 | D:6      | You fall through a shaft for 2 floors!
  3417 | D:8      | Found an iron altar of Okawaru.
  3567 | D:6      | Noticed Natasha
  3572 | D:6      | Killed Natasha
  3592 | D:6      | Learned a level 2 spell: Swiftness
  3721 | D:6      | Reached skill level 5 in Fighting
  3721 | D:6      | Reached skill level 7 in Unarmed Combat
  3861 | D:6      | Found a staircase to the Ecumenical Temple.
  3899 | Temple   | Entered the Ecumenical Temple
  3997 | Temple   | Became a worshipper of Gozag Ym Sagoz the Greedy
  4041 | D:6      | Killed Duvessa
  4041 | D:6      | Reached skill level 5 in Dodging
  4057 | D:6      | Killed Dowan
  4736 | D:7      | Reached XP level 9. HP: 19/48 MP: 5/12
  5289 | D:8      | Reached skill level 8 in Unarmed Combat
  6491 | D:9      | Reached skill level 9 in Unarmed Combat
  6669 | D:9      | Noticed cribozai's ghost (powerful FoSu)
  6716 | D:9      | Killed cribozai's ghost
  6716 | D:9      | Reached XP level 10. HP: 55/55 MP: 13/13
  6925 | D:9      | Reached skill level 5 in Shields
  6970 | D:9      | Noticed Blork the orc
  7017 | D:9      | Killed Blork the orc
  7100 | D:9      | Found a staircase to the Lair.
  7100 | D:9      | Noticed a death yak
  7160 | D:9      | Reached skill level 10 in Unarmed Combat
  7693 | D:9      | Found Bleess' Antique Weapon Emporium.
  7897 | D:9      | Killed a death yak
  7897 | D:9      | Reached XP level 11. HP: 55/60 MP: 15/15
  7971 | Lair:1   | Entered Level 1 of the Lair of Beasts
  8000 | D:10     | Entered Level 10 of the Dungeon
  8016 | D:10     | Found Tulufud's Armour Shop.
  8276 | D:10     | Found a staircase to the Orcish Mines.
  8397 | D:10     | Bought the +2 pair of fencer's gloves {EV+3 Dex+6 Slay+2} for 826 gold pieces
  8586 | D:10     | Noticed a hill giant
  8606 | D:10     | Killed a hill giant
  9042 | Orc:1    | Entered Level 1 of the Orcish Mines
  9482 | D:10     | Bought a +0 cloak of poison resistance for 127 gold pieces
  9625 | Orc:2    | Noticed an orc knight
  9757 | Orc:1    | Killed an orc knight
  9995 | Orc:2    | Found Dinuty's General Store.
 10005 | Orc:2    | Bought a scroll of fear for 45 gold pieces
 10005 | Orc:2    | Bought 2 potions of mutation for 65 gold pieces
 10005 | Orc:2    | Bought a potion of resistance for 130 gold pieces
 10005 | Orc:2    | Bought a bread ration for 65 gold pieces
 10005 | Orc:2    | Bought a scroll of remove curse for 39 gold pieces
 10005 | Orc:2    | Bought a scroll of identify for 26 gold pieces
 11258 | Orc:4    | Entered Level 4 of the Orcish Mines
 11303 | Orc:4    | Noticed wanderer1's ghost (powerful GrFi)
 11333 | Orc:4    | Killed wanderer1's ghost
 11333 | Orc:4    | Reached skill level 10 in Shields
 11333 | Orc:4    | Gained mutation: You regenerate. [vine stalker growth]
 11333 | Orc:4    | Reached XP level 12. HP: 59/67 MP: 14/16
 11350 | Orc:4    | Noticed an ettin
 11357 | Orc:4    | Killed an ettin
 11577 | D:11     | Noticed Psyche
 11615 | D:10     | Bought a +2 chain mail of poison resistance for 277 gold pieces
 12578 | Lair:2   | Reached skill level 5 in Armour
 12995 | Lair:2   | Noticed an eight-headed hydra
 13008 | Lair:2   | Killed an eight-headed hydra
 13278 | Lair:3   | Reached skill level 10 in Fighting
 13676 | Lair:3   | Reached skill level 11 in Shields
 13816 | Lair:3   | Found a staircase to the Snake Pit.
 14153 | Lair:4   | Reached XP level 13. HP: 72/72 MP: 17/17
 14414 | Lair:4   | Found a staircase to the Swamp.
 16014 | Lair:6   | Noticed Nergalle
 16024 | Lair:6   | Killed Nergalle
 16169 | Lair:6   | Identified a scroll of acquirement
 16181 | Lair:6   | Found a radiant altar of Vehumet.
 17128 | Lair:7   | Reached skill level 12 in Shields
 17128 | Lair:7   | Reached XP level 14. HP: 70/77 MP: 16/18
 17561 | Lair:7   | Reached skill level 10 in Armour
 18214 | Lair:8   | Entered Level 8 of the Lair of Beasts
 18285 | Lair:8   | Noticed Maud
 18449 | Lair:8   | Killed Maud
 18816 | Lair:8   | Reached XP level 15. HP: 64/83 MP: 19/19
 19149 | Lair:8   | Found a staircase to the Slime Pits.
 19895 | Lair:8   | Noticed an acid blob
 19907 | Lair:8   | Killed an acid blob
 20952 | Orc:4    | Noticed an orc high priest
 20961 | Orc:4    | Killed an orc high priest
 21228 | Orc:4    | Found Peugoano's Distillery.
 21247 | Orc:4    | Bought a potion of invisibility for 96 gold pieces
 21247 | Orc:4    | Bought a potion of flight for 36 gold pieces
 21247 | Orc:4    | Bought a potion of flight for 36 gold pieces
 21247 | Orc:4    | Bought a potion of curing for 36 gold pieces
 21247 | Orc:4    | Bought a potion of curing for 36 gold pieces
 21247 | Orc:4    | Bought 2 potions of magic for 192 gold pieces
 21247 | Orc:4    | Bought a potion of might for 48 gold pieces
 21247 | Orc:4    | Bought a potion of curing for 36 gold pieces
 21247 | Orc:4    | Bought a potion of curing for 36 gold pieces
 21247 | Orc:4    | Bought 2 potions of curing for 72 gold pieces
 21247 | Orc:4    | Bought a potion of cancellation for 96 gold pieces
 21272 | Orc:4    | Reached skill level 13 in Shields
 21536 | Orc:4    | Found a staircase to the Elven Halls.
 21635 | Orc:4    | Noticed an orc warlord
 21636 | Orc:4    | Noticed an orc knight
 21637 | Orc:4    | Noticed an orc knight
 21688 | Orc:4    | Killed an orc warlord
 21768 | Orc:4    | Noticed an orc high priest
 21779 | Orc:4    | Killed an orc high priest
 21798 | Orc:4    | Killed an orc knight
 21811 | Orc:4    | Noticed an orc high priest
 21820 | Orc:4    | Killed an orc high priest
 21843 | Orc:4    | Noticed an orc knight
 21866 | Orc:4    | Killed an orc knight
 21896 | Orc:4    | Killed an orc knight
 21978 | Orc:4    | Found Atubiast's General Store.
 21985 | Orc:4    | Found Zokhlugut's Book Shoppe.
 21988 | Orc:4    | Found Qiqit's Antique Armour Emporium.
 21988 | Orc:4    | Found Rajop's Antique Weapon Emporium.
 22007 | Orc:4    | Bought a potion of mutation for 32 gold pieces
 22216 | Snake:1  | Entered Level 1 of the Snake Pit
 22525 | Snake:3  | HP: 1/85 [mana viper (7)]
 22526 | Snake:3  | Succumbed to a black mamba's poison

Action                   |  1- 3 |  4- 6 |  7- 9 | 10-12 | 13-15 || total
-------------------------+-------+-------+-------+-------+-------++-------
Melee: Unarmed           |   116 |   145 |   545 |   978 |  1698 ||  3482
Throw: Tomahawk          |       |       |     4 |     4 |       ||     8
Invok: Call Merchant     |       |       |       |     1 |       ||     1
       Potion Petition   |       |       |       |       |     1 ||     1
Evoke: Wand              |       |       |     4 |     8 |    15 ||    27
       Sack of spiders   |       |       |       |     3 |     5 ||     8
  Use: Scroll            |       |    11 |    13 |     8 |    11 ||    43
       Potion            |       |     2 |     2 |    11 |     7 ||    22
 Stab: Sleeping          |     4 |     1 |       |     3 |       ||     8
       Distracted        |       |       |       |    11 |    18 ||    29
       Confused          |       |       |       |     1 |       ||     1
       Fleeing           |       |       |       |       |     1 ||     1
       Invisible         |       |       |       |       |     4 ||     4
  Eat: Chunk             |     1 |     4 |     4 |       |       ||     9
       Fruit             |       |       |     3 |       |     6 ||     9
       Royal jelly       |       |       |     1 |     7 |     2 ||    10
       Bread ration      |       |       |     3 |       |     6 ||     9
       Beef jerky        |       |       |     1 |     4 |     2 ||     7
       Pizza             |       |       |       |     3 |     1 ||     4
